 Dungeon Crawl Stone Soup version 0.27.1-4-g1640c2035a (webtiles) character file.

Game seed: 11395054503571505689

2499 Kallu the Thaumaturge (level 9, 0/52 HPs)
             Began as a Deep Elf Conjurer on Nov 5, 2021.
             Was a Follower of Vehumet.
             Slain by a hornet zombie (7 damage)
             ... on level 8 of the Dungeon.
             The game lasted 00:25:24 (10107 turns).

Kallu the Thaumaturge (Deep Elf Conjurer)          Turns: 10107, Time: 00:25:25

Health: 0/52       AC:  6    Str:  4    XL:     9   Next: 28%
Magic:  17/24      EV: 13    Int: 27    God:    Vehumet [*.....]
Gold:   446        SH:  0    Dex: 13    Spells: 12/26 levels left

rFire    + . .     SeeInvis .   a - +1 dagger (freeze)
rCold    . . .     Faith    .   (no shield)
rNeg     + . .     Spirit   .   l - +1 leather armour {rPois}
rPois    +         Reflect  .   (no helmet)
rElec    .         Harm     .   B - +0 cloak {rPois}
rCorr    .         Rampage  .   (no gloves)
Will     .....                  n - +0 pair of boots
Stlth    ++........             (no amulet)
HPRegen  0.17/turn              k - ring of protection from fire
MPRegen  0.19/turn              t - ring of positive energy

@: no status effects
A: no striking features
a: Renounce Religion


You were on level 8 of the Dungeon.
You worshipped Vehumet.
Vehumet was aware of your devotion.
You visited 2 branches of the dungeon, and saw 9 of its levels.

You collected 446 gold pieces.

Inventory:

Hand Weapons
 a - a +1 dagger of freezing (weapon)
Armour
 l - a +1 leather armour of poison resistance (worn)
 n - a +0 pair of boots (worn)
 B - a +0 cloak of poison resistance (worn)
Magical Staves
 b - a staff of earth
 c - a staff of cold
 u - a staff of poison
Jewellery
 k - a ring of protection from fire (left hand)
 t - a ring of positive energy (right hand)
 A - a ring of willpower
 F - a ring of magical power
Wands
 h - a wand of paralysis (10)
 j - a wand of acid (6)
 s - a wand of mindburst (17)
 z - a wand of polymorph (11)
 E - a wand of digging (5)
Scrolls
 o - 3 scrolls of teleportation {unknown}
 q - 5 scrolls of identify
 w - a scroll of immolation
 y - a scroll of magic mapping {unknown}
 G - a scroll of holy word {unknown}
Potions
 d - 2 potions of resistance {unknown}
 e - 2 potions of attraction
 f - a potion of heal wounds {unknown}
 g - 2 potions of ambrosia
 i - 3 potions of berserk rage
 m - a potion of mutation {unknown}
 p - 2 potions of magic {unknown}
 r - 3 potions of lignification {unknown}
 v - 2 potions of flight {unknown}
 x - a potion of curing {unknown}
 C - a potion of haste {unknown}
 D - a potion of degeneration {unknown}


   Skills:
 - Level 4.0 Fighting
 * Level 5.7 Dodging
 - Level 2.4 Stealth
 + Level 9.3 Spellcasting
 + Level 8.8 Conjurations
 - Level 5.0 Hexes
 - Level 2.0 Translocations


You had 12 spell levels left.
You knew the following spells:

 Your Spells              Type           Power      Damage    Failure   Level
a - Magic Dart            Conj           100%       1d8       1%          1
b - Searing Ray           Conj           100%       3d7       1%          2
c - Dazzling Flash        Conj/Hex       98%        N/A       1%          3
d - Fulminant Prism       Conj/Hex       24%        3d13      4%          4
e - Iskenderun's Mystic   Conj/Tloc      41%        2d9       9%          4

Your spell library contained the following spells:

 Spells                   Type           Power      Damage    Failure   Level
 Freeze                   Ice            48%        1d7       9%          1
 Corona                   Hex            43%        N/A       1%          1
 Tukima's Dance           Hex            39%        N/A       3%          3
 Ensorcelled Hibernation  Hex/Ice        52%        N/A       4%          2
 Ozocubu's Armour         Ice            12%        N/A       24%         3
 Metabolic Englaciation   Hex/Ice        13%        N/A       63%         5
 Simulacrum               Ice/Necr       6%         N/A       100%        6


Dungeon Overview and Level Annotations

Branches:
Dungeon (8/15)             Temple (1/1) D:4            Lair (0/6) D:8

Altars:
Ashenzari
Dithmenos
Elyvilon
Fedhas
Gozag
Hepliaklqana
Kikubaaqudgha
Makhleb
Nemelex Xobeh
Okawaru
Qazlal
Ru
Sif Muna
Trog
Uskayaw
Vehumet
Wu Jian
Xom
Yredelemnul
Zin
The Shining One


Message History

Aiming: Magic Dart (safe; 1% risk of failure)
Press: ? - help, Shift-Dir - straight line, f - centaur
Aim: a centaur, wielding a +0 shortbow and quivering arrows (ally target, 100% to hit)
The magic dart hits the centaur.
The centaur is lightly wounded.
The centaur shoots an arrow.
The arrow completely misses you.
Your fulminant prism crackles loudly.
The centaur shoots an arrow.
The arrow barely misses you.
The centaur shoots an arrow.
The arrow hits you.
* * * LOW HITPOINT WARNING * * *
Your fulminant prism explodes!
The blast of energy engulfs the orc!!
You kill the orc!
Vehumet accepts your kill. Vehumet offers you knowledge of Freeze.
The blast of energy engulfs the centaur!!
You kill the centaur!
Vehumet accepts your kill.
You feel your power returning.
You hear two shouts!
You hear a shout!
Press: ? - help, v - describe, . - travel
Here: a hornet zombie The floor.
Casting: Magic Dart (safe; 1% risk of failure)
Confirm with . or Enter, or press ? or * to list all spells.
Aiming: Searing Ray (safe; 1% risk of failure)
Press: ? - help, Shift-Dir - straight line, f - hornet zombie
Aim: a hornet zombie (85% to hit)
The searing ray hits the hornet zombie!
The hornet zombie is moderately damaged. (Press . to maintain the ray.)
Casting: Searing Ray (safe; 1% risk of failure)
Confirm with . or Enter, or press ? or * to list all spells.
Okay, then.
The searing ray hits the hornet zombie!
The hornet zombie is severely damaged.
The searing ray hits the hornet zombie!
The hornet zombie is almost destroyed.
The hornet zombie hits you!
You die...

.........###.............
....####.................
....## ####..............
.....## #..........)...
......#####...........)..
.........................
..†......##..............
.##.....####.............
######..# ##...@Z.......
#..# #............ #..#
##........... ##..#
##.......... #####...#
.##........ ........## ..
#####.... ######...## ##.
...# # ##....# ## ..
##.....#


You could see a hornet zombie.

Vanquished Creatures
  A water moccasin (D:8)
  An orc warrior (D:7)
  2 sky beasts
  3 ice beasts
  A necrophage (D:6)
  A black bear (D:7)
  2 ogres
  2 centaurs (D:8)
  3 bullfrogs
  2 scorpions
  A gnoll sergeant (D:5)
  A water moccasin zombie (D:5)
  A bullfrog skeleton (D:5)
  Crazy Yiuf (D:7)
  A centaur zombie (D:7)
  5 jellies
  A bullfrog zombie (D:6)
  3 orc priests
  5 iguanas
  2 orc wizards (D:5)
  10 gnolls
  A howler monkey zombie (D:7)
  11 adders
  2 shadow imps
  2 white imps
  2 ufetubi
  An adder skeleton (D:4)
  2 worms
  3 dart slugs
  26 orcs
  3 endoplasms
  3 giant cockroaches
  5 goblins
  7 hobgoblins
  6 jackals
  4 quokkas
  6 ball pythons
  6 bats
  4 frilled lizards
  5 kobolds
  3 rats
151 creatures vanquished.

Vanquished Creatures (others)
  19 fulminant prisms
19 creatures vanquished.

Grand Total: 170 creatures vanquished

Notes
Turn   | Place    | Note
-------+----------+-------------------------------------------
     0 | D:1      | Kallu the Deep Elf Conjurer began the quest for the Orb.
     0 | D:1      | Reached XP level 1. HP: 10/10 MP: 6/6
   279 | D:1      | Reached XP level 2. HP: 15/15 MP: 6/8
   461 | D:1      | Learned a level 2 spell: Searing Ray
  1425 | D:2      | Reached XP level 3. HP: 20/20 MP: 8/10
  1573 | D:2      | Reached skill level 1 in Fighting
  1683 | D:2      | Reached skill level 4 in Spellcasting
  1712 | D:2      | Learned a level 3 spell: Dazzling Flash
  1869 | D:2      | Reached skill level 5 in Conjurations
  1871 | D:2      | Reached XP level 4. HP: 25/25 MP: 7/12
  2012 | D:2      | Reached skill level 1 in Hexes
  2014 | D:2      | Found a faded altar of an unknown god.
  3015 | D:3      | Reached XP level 5. HP: 18/30 MP: 6/13
  4105 | D:4      | Noticed an ice beast
  4113 | D:4      | Killed an ice beast
  4114 | D:4      | Reached skill level 5 in Spellcasting
  4114 | D:4      | Reached XP level 6. HP: 27/35 MP: 5/16
  4337 | D:4      | Learned a level 4 spell: Fulminant Prism
  4585 | D:4      | Identified the +2 ring mail of Untruth {Str+3}
  4656 | D:4      | Found an iron altar of Okawaru.
  4757 | D:4      | Found a staircase to the Ecumenical Temple.
  4790 | Temple   | Entered the Ecumenical Temple
  4947 | Temple   | Became a worshipper of Vehumet
  5063 | D:5      | Entered Level 5 of the Dungeon
  5063 | D:5      | Noticed a sky beast
  5068 | D:5      | Killed a sky beast
  5144 | D:5      | Reached XP level 7. HP: 39/40 MP: 10/17
  5213 | D:5      | Reached skill level 6 in Spellcasting
  5393 | D:5      | Reached skill level 5 in Dodging
  5760 | D:5      | Reached skill level 7 in Spellcasting
  6086 | D:5      | Reached XP level 8. HP: 37/45 MP: 14/20
  6537 | D:5      | Found a bloodstained altar of Trog.
  6537 | D:5      | Found an opulent altar of Gozag.
  6543 | D:5      | Learned a level 4 spell: Iskenderun's Mystic Blast
  6644 | D:5      | Identified a scroll of acquirement
  6644 | D:5      | Acquired a staff of cold
  7009 | D:6      | Reached * piety under Vehumet
  7009 | D:6      | Offered knowledge of Shock by Vehumet.
  7010 | D:6      | Reached skill level 1 in Translocations
  7927 | D:7      | Reached skill level 8 in Spellcasting
  7969 | D:7      | Reached skill level 5 in Hexes
  8683 | D:7      | Found a sparkling altar of Nemelex Xobeh.
  8845 | D:7      | Found a runed translucent door.
  8846 | D:7      | Noticed Crazy Yiuf
  8946 | D:7      | Reached XP level 9. HP: 52/52 MP: 18/23
  9071 | D:7      | Found a blossoming altar of Fedhas.
  9288 | D:7      | Killed Crazy Yiuf
  9289 | D:7      | Reached skill level 9 in Spellcasting
  9939 | D:8      | Found a staircase to the Lair.
 10104 | D:8      | Offered knowledge of Freeze by Vehumet.
 10107 | D:8      | Slain by a hornet zombie

Illustrated notes

Levels and vault maps discovered:
D:1:      dpeg_arrival_brainrot, layout_loops_corners
D:2:      layout_loops_cross, basic_ecumenical_altar, cheibrodos_gnoll_hut
D:3:      layout_loops_corners, nicolae_underground_beach
D:4:      layout_loops_ring, overflow_temple_1_default,
          minmay_temple_entry_poolview
D:5:      layout_cave_pods, mainiacjoe_overflow_large_starburst
D:6:      layout_basic
D:7:      layout_loops_corners, mainiacjoe_overflow_alcove_2,
          general_overflow_altar, uniq_crazy_yiuf_cottage
D:8:      layout_layer_cave, dpeg_oklobed_lair, lightli_orcish_oven, uniq_psyche
Temple:   nicolae_temple_elliptical

Skill      XL: |  1  2  3  4  5  6  7  8  9 |
---------------+----------------------------+-----
Fighting       | 1 2 4 |  4.0
Spellcasting   | 4 5 7 8 9 |  9.3
Conjurations   | 5 6 7 8 |  8.8
Hexes          | 1 2 3 5 |  5.0
Dodging        | 3 4 5 |  5.7
Translocations | 2 |  2.0
Stealth        | |  2.4

Action                   |  1- 3 |  4- 6 |  7- 9 || total
-------------------------+-------+-------+-------++-------
Melee: Staff             |       |     3 |    10 ||    13
       Dagger            |       |       |    13 ||    13
 Cast: Magic Dart        |    59 |    47 |    66 ||   172
       Searing Ray       |     6 |    25 |    29 ||    60
       Dazzling Flash    |       |     1 |     3 ||     4
       Fulminant Prism   |       |       |    19 ||    19
       Iskenderun's Myst |       |       |     2 ||     2
  Use: Scroll            |       |     5 |     6 ||    11
Armor: Leather armour    |     2 |       |     9 ||    11
Dodge: Dodged            |     6 |     7 |    22 ||    35
